 Dungeon Crawl Stone Soup version 0.31-a0-920-g28cbb04a8c (webtiles) character file.

Game seed: 5807361548738997534

20378 jlumianski the Cruncher (level 12, -7/83 HPs)
             Began as a Gnoll Wanderer on Oct 17, 2023.
             Was a Believer of Hepliaklqana.
             Killed from afar by an acid dragon (32 damage)
             ... with a splash of acid
             ... on level 11 of the Dungeon on Oct 18, 2023.
             The game lasted 01:58:35 (12175 turns).

jlumianski the Cruncher (Gnoll Wanderer)           Turns: 12175, Time: 01:58:37

Health: -7/83      AC: 11    Str: 24    XL:     12   Next: 78%
Magic:  21/24      EV: 13    Int: 13    God:    Hepliaklqana [**....]
Gold:   400        SH:  0    Dex:  9    Spells: 14/27 levels left

rFire   . . .        e - +8 glaive of the Saviour {freeze, Contam rC+ rN++}
rCold   + . .        (shield currently unavailable)
rNeg    + + .        w - +3 ring mail "Tian" {Regen+}
rPois   +            r - +1 helmet "Plog" {Rampage rElec}
rElec   +            P - +1 cloak
rCorr   .            f - +2 pair of gloves
SInv    .            (no boots)
Will    .....        l - amulet of faith
Stlth   +++          I - ring of poison resistance
HPRegen 1.13/turn    U - +6 ring of strength
MPRegen 0.19/turn

%: rampage, faith
@: corroded
A: reduced essence, fangs 1, strong nose, distributed training, deformed body
a: Renounce Religion, Recall Ancestor, Ancestor Identity


You were on level 11 of the Dungeon.
You worshipped Hepliaklqana.
Hepliaklqana was pleased with you.
You visited 2 branches of the dungeon, and saw 13 of its levels.

You collected 744 gold pieces.
You spent 344 gold pieces at shops.

Inventory:

Hand Weapons
 e - the +8 glaive of the Saviour (weapon) {freeze, Contam rC+ rN++}
   (You found it on level 11 of the Dungeon)

   rC+:       It protects you from cold.
   rN++:      It greatly protects you from negative energy.
   Contam:    It causes magical contamination when unequipped.
 E - a +0 orcbow
 J - a +2 trident of draining
 M - a +3 scimitar of flaming
 O - a +4 battleaxe
Missiles
 b - 10 boomerangs (quivered)
 K - 2 poisoned darts
 S - a throwing net
Armour
 f - a +2 pair of gloves (worn)
 r - the +1 helmet "Plog" (worn) {Rampage rElec}
   (You found it on level 2 of the Dungeon)

   rElec:     It insulates you from electricity.
   Rampage:   It bestows one free step when moving towards enemies.
 u - the +2 ring mail of Eternity {rC+ rN++ Will+ Stlth-}
   (You found it on level 7 of the Dungeon)

   rC+:       It protects you from cold.
   rN++:      It greatly protects you from negative energy.
   Will+:     It increases your willpower.
   Stlth-:    It makes you less stealthy.
 w - the +3 ring mail "Tian" (worn) {Regen+}
   (You found it on level 4 of the Dungeon)

   Regen+:    It increases your rate of health regeneration.
 P - a +1 cloak (worn)
Jewellery
 g - a +5 ring of evasion
 l - an amulet of faith (around neck)
 s - a ring of fire
 I - a ring of poison resistance (left hand)
 U - a +6 ring of strength (right hand)
Wands
 y - a wand of flame (36)
 A - a wand of iceblast (21)
 T - a wand of polymorph (6)
Scrolls
 c - a scroll of vulnerability
 d - 3 scrolls of fear
 h - 2 scrolls of immolation
 i - 7 scrolls of teleportation
 k - 3 scrolls of blinking
 o - a scroll of revelation {unknown}
 q - a scroll of summoning {unknown}
 t - 3 scrolls of poison
 D - a scroll of acquirement {unknown}
 H - a scroll of torment
Potions
 a - a potion of magic {unknown}
 j - a potion of ambrosia
 m - a potion of cancellation
 n - 4 potions of attraction
 p - 2 potions of berserk rage
 v - 3 potions of brilliance
 x - a potion of lignification
 z - 3 potions of degeneration {unknown}
 B - 2 potions of resistance
 C - 2 potions of heal wounds
 F - a potion of invisibility {unknown}
 G - a potion of enlightenment {unknown}
 L - 2 potions of might {unknown}


   Skills:
 + Level 8.2 Fighting
 + Level 7.7 Short Blades
 + Level 7.7 Long Blades
 + Level 7.7 Axes
 + Level 7.7 Maces & Flails
 + Level 7.7 Polearms
 + Level 10.2 Staves
 + Level 7.7 Ranged Weapons
 + Level 9.1 Throwing
 + Level 8.2 Armour
 + Level 7.7 Dodging
 + Level 7.7 Stealth
 + Level 7.7 Shields
 + Level 7.7 Unarmed Combat
 + Level 8.3 Spellcasting
 + Level 6.4 Conjurations
 + Level 6.4 Hexes
 + Level 6.4 Summonings
 + Level 6.8 Necromancy
 + Level 6.4 Translocations
 + Level 6.4 Transmutations
 + Level 6.4 Fire Magic
 + Level 6.4 Ice Magic
 + Level 6.4 Air Magic
 + Level 6.4 Earth Magic
 + Level 6.4 Poison Magic
 + Level 8.5 Invocations
 + Level 8.2 Evocations
 + Level 7.1 Shapeshifting


You had 14 spell levels left.
You knew the following spells:

 Your Spells              Type           Power      Damage    Failure   Level
a - Blink                 Tloc           44%        N/A       1%          2
b - Frozen Ramparts       Ice            44%        1d7       4%          3
c - Call Canine Familiar  Summ           22%        N/A       4%          3
d - Summon Guardian Gole  Hex/Summ       22%        N/A       4%          3
e - Lesser Beckoning      Tloc           44%        N/A       1%          2

Your spell library contained the following spells:

 Spells                   Type           Power      Damage    Failure   Level
 Freeze                   Ice            88%        1d9       1%          1
 Summon Small Mammal      Summ           88%        N/A       1%          1
 Cigotuvi's Dreadful Rot  Necr/Pois/Air  44%        N/A       1%          2
 Momentum Strike          Conj/Tloc      44%        3d9       1%          2
 Scorch                   Fire           44%        2d6       1%          2
 Sublimation of Blood     Necr           23%        N/A       1%          2
 Wereblood                Tmut           22%        N/A       1%          2
 Hailstorm                Conj/Ice       22%        3d7       4%          3
 Dispel Undead            Necr           23%        3d12      12%         4
 Brom's Barrelling Bould  Conj/Erth      22%        2d4       14%         4
 Flame Wave               Conj/Fire      22%        2d8       14%         4
 Manifold Assault         Tloc           22%        N/A       14%         4
 Vhi's Electric Charge    Tloc/Air       44%        N/A       14%         4
 Arcjolt                  Conj/Air       11%        1d21      36%         5
 Fireball                 Conj/Fire      11%        3d7       36%         5
 Iskenderun's Battlesphe  Conj           22%        2d8       36%         5
 Death Channel            Necr           11%        N/A       87%         6
 Conjure Ball Lightning   Conj/Air       11%        3x3d6     91%         6
 Summon Cactus Giant      Summ           11%        N/A       91%         6
 Orb of Destruction       Conj           11%        9d6       100%        7
 Summon Hydra             Summ           11%        N/A       100%        7
 Maxwell's Capacitive Co  Air            11%        ∞         100%        8


Dungeon Overview and Level Annotations

Branches:
Dungeon (12/15)            Temple (1/1) D:5            Lair (0/5) D:10
    Orc: D:9-12

Altars:
Ashenzari
Cheibriados
Dithmenos
Elyvilon
Fedhas
Gozag
Hepliaklqana
Kikubaaqudgha
Makhleb
Nemelex Xobeh
Okawaru
Qazlal
Ru
Sif Muna
Trog
Uskayaw
Vehumet
Wu Jian
Xom
Yredelemnul
Zin
The Shining One

Shops:
D:4 *   D:6 !   D:7 *

Portals:
Trove: D:10 (give 16 scrolls of teleportation)

Annotations:
D:3 1 transporter, KarmaticGoose's ghost, amateur HuNe
D:6 5 runed translucent doors


Innate Abilities, Weirdness & Mutations

Your life essence is reduced to manifest your ancestor. (-10% HP)
You have very sharp teeth.
Your uncanny sense of smell can sniff out nearby items.
Your experience applies equally to all skills.
Armour fits poorly on your strangely shaped body.


Message History

You start resting.
HP restored.
You climb downwards.
There is a stone staircase leading up, spattered with blood here.
An acid dragon comes into view.
The acid dragon moves out of view.
The acid dragon roars!
The acid dragon spits acid at you. The splash of acid hits you!!
There is a stone staircase leading up, spattered with blood here.
The acid dragon spits acid at you. The splash of acid hits you!
You rampage towards the acid dragon!
A troll comes into view.
The acid dragon bites you. The acid dragon closely misses you.
The acid dragon spits acid at you. The splash of acid misses you.
The troll shouts!
You hear a shout!
There is a stone staircase leading up, spattered with blood here.
Casting: Lesser Beckoning (safe; 1% risk of failure)
Confirm with . or Enter, or press ? or * to list all spells.
Aiming: Lesser Beckoning (safe; 1% risk of failure)
Press: ? - help, Shift-Dir - straight line, f - acid dragon
Aim: an acid dragon (catching its breath, 100% to hit)
The acid dragon hurls suddenly forward!
The acid dragon bites you but does no damage.
The acid dragon misses you. The acid dragon misses you.
The acid dragon completely misses you.
You climb upwards.
There is a stone staircase leading down, spattered with blood here.
Septimus is recalled.
The acid dragon spits acid at you. The splash of acid hits you!!
The acid corrodes you!
You hit the acid dragon. You freeze the acid dragon.
The acid dragon is lightly wounded.
The acid dragon bites you. The acid dragon claws you.
Septimus hits the acid dragon with a +0 flail.
The acid dragon spits acid at you. The splash of acid hits you!!
You die...

#..######........# #..........
##..# #........#####..........
....# #..####.................
....######..# #.................
##..........# #..#####..........
#..........# #..# #..........
#.R######..####..# #..........
#..# #.....).R# #..######.. #..#
#.....)@D# #..# #.. #..#
#.......(# #..# #.. #..#
#.[....).# #..# #..
##..######........#####..######..
.................................
.................................
#################################


You could see the friendly Septimus the knight and an acid dragon (catching
breath, ally target).

Vanquished Creatures
  A hydra (D:11)
  3 two-headed ogres
  A wolf spider (D:11)
  An ugly thing (D:11)
  3 cyclopes (D:11)
  Maggie (D:7)
  An unseen horror zombie (D:8)
  Jeremiah (D:7)
  2 kobold demonologists (D:11)
  2 efreet (D:11)
  A tengu conjurer (D:11)
  2 trolls
  A hornet (D:9)
  Grinder (D:6)
  A shadow (D:9)
  9 yaks
  A wyvern (D:7)
  2 steam dragons
  A swamp worm (shapeshifter) (D:11)
  An acid dragon (D:9)
  3 water moccasins
  3 orc warriors
  Duvessa (D:7)
  A sky beast (D:8)
  A hornet zombie (D:8)
  2 ice beasts
  4 centaurs
  Blork the orc (D:5)
  2 wyvern zombies (D:8)
  4 bullfrogs
  2 scorpions (D:5)
  Dowan (D:7)
  19 wights
  45 killer bees
  A crimson imp (D:10)
  3 hounds
  3 jellies
  Crazy Yiuf (D:4)
  7 orc priests
  2 sleepcaps
  Ijyb (D:5)
  2 gnoll boudas
  4 iguanas
  6 orc wizards
  2 killer bee zombies (D:8)
  2 howler monkey zombies (D:8)
  Robin (D:5)
  8 gnolls
  7 adders
  2 white imps (D:7)
  4 worms
  3 dart slugs
  27 orcs
  4 ball pythons
  8 endoplasms
  3 giant cockroaches
  15 goblins
  10 hobgoblins
  3 jackals (D:1)
  8 kobolds
  5 quokkas
  2 bats
  2 frilled lizards
  7 rats
278 creatures vanquished.

Vanquished Creatures (collateral kills)
  A two-headed ogre (D:11)
  A manticore (D:11)
  2 unseen horrors (D:11)
  A troll (D:9)
  A wraith (D:11)
  A wyvern (D:11)
  9 yaks
  An acid dragon (D:10)
  5 killer bees
  2 orcs (D:11)
  A kobold (D:11)
25 creatures vanquished.

Vanquished Creatures (others)
  A vault guard (D:10)
  An oklob plant (D:10)
  A kobold demonologist (D:11)
  A shadow (D:10)
  A yak (D:10)
  3 killer bees (D:10)
  2 knights
  2 ancestors (D:9)
  A kobold (D:11)
13 creatures vanquished.

Grand Total: 316 creatures vanquished

Notes
Turn   | Place    | Note
-------+----------+-------------------------------------------
     0 | D:1      | jlumianski the Gnoll Wanderer began the quest for the Orb.
     0 | D:1      | jlumianski set off with the following items: a +2
                  | quarterstaff, 7 boomerangs, a +0 dagger, a scroll of fear,
                  | a +0 leather armour; and the following spells available to
                  | memorise: Sublimation of Blood, Cigotuvi's Dreadful Rot.
     0 | D:1      | Reached XP level 1. HP: 17/17 MP: 4/4
    62 | D:1      | Reached XP level 2. HP: 19/23 MP: 5/5
   267 | D:1      | Reached XP level 3. HP: 28/28 MP: 7/7
   334 | D:2      | Reached skill level 1 in Invocations
   781 | D:2      | Reached skill level 1 in Short Blades
   781 | D:2      | Reached skill level 1 in Long Blades
   781 | D:2      | Reached skill level 1 in Axes
   781 | D:2      | Reached skill level 1 in Maces & Flails
   781 | D:2      | Reached skill level 1 in Polearms
   781 | D:2      | Reached skill level 1 in Ranged Weapons
   781 | D:2      | Reached skill level 1 in Dodging
   781 | D:2      | Reached skill level 1 in Stealth
   781 | D:2      | Reached skill level 1 in Shields
   781 | D:2      | Reached skill level 1 in Unarmed Combat
   931 | D:2      | Reached skill level 1 in Shapeshifting
   931 | D:2      | Reached XP level 4. HP: 34/34 MP: 8/8
  1018 | D:2      | Found a faded altar of an unknown god.
  1138 | D:2      | Identified the +1 helmet "Plog" {Rampage rElec}
  1359 | D:2      | Found a sacrificial altar of Ru.
  1617 | D:3      | Reached skill level 1 in Conjurations
  1617 | D:3      | Reached skill level 1 in Hexes
  1617 | D:3      | Reached skill level 1 in Summonings
  1617 | D:3      | Reached skill level 1 in Translocations
  1617 | D:3      | Reached skill level 1 in Transmutations
  1617 | D:3      | Reached skill level 1 in Fire Magic
  1617 | D:3      | Reached skill level 1 in Ice Magic
  1617 | D:3      | Reached skill level 1 in Air Magic
  1617 | D:3      | Reached skill level 1 in Earth Magic
  1617 | D:3      | Reached skill level 1 in Poison Magic
  1708 | D:3      | Reached XP level 5. HP: 38/40 MP: 9/9
  1726 | D:3      | Noticed KarmaticGoose's ghost (amateur HuNe)
  1727 | D:3      | Found a transporter.
  1727 | D:3      | Noticed an ogre
  1727 | D:3      | Identified the +5 dire flail of Domination {freeze, Str+5}
  1727 | D:3      | Noticed an ogre
  1728 | D:3      | Noticed an ogre
  1830 | D:3      | Found a blossoming altar of Fedhas.
  1830 | D:3      | Found an ancient bone altar of Kikubaaqudgha.
  2088 | D:3      | Reached XP level 6. HP: 35/47 MP: 9/11
  2243 | D:4      | Identified the +3 ring mail "Tian" {Regen+}
  2365 | D:5      | Entered Level 5 of the Dungeon
  2771 | D:4      | Found Woxiy's General Store.
  2774 | D:4      | Bought a scroll of teleportation for 36 gold pieces
  2774 | D:4      | Bought a potion of heal wounds for 60 gold pieces
  2814 | D:5      | Reached skill level 5 in Throwing
  2894 | D:4      | Noticed a water moccasin
  2905 | D:4      | Killed a water moccasin
  2906 | D:4      | Reached XP level 7. HP: 52/52 MP: 12/12
  2919 | D:4      | Reached skill level 7 in Staves
  3199 | D:4      | Found a runed translucent door.
  3200 | D:4      | Noticed Crazy Yiuf
  3304 | D:5      | Noticed Blork the orc
  3311 | D:5      | Killed Blork the orc
  3383 | D:5      | Found a broken altar of Ashenzari.
  3458 | D:5      | Noticed Robin
  3458 | D:5      | Noticed Ijyb
  3515 | D:5      | Killed Robin
  3561 | D:5      | Found a staircase to the Ecumenical Temple.
  3622 | Temple   | Entered the Ecumenical Temple
  3897 | D:4      | Reached XP level 8. HP: 55/60 MP: 14/14
  4484 | D:5      | Killed Ijyb
  4506 | D:5      | Found a snail-covered altar of Cheibriados.
  4763 | D:6      | Found the +9 staff of Olgreb {rPois∞}
  4768 | D:6      | Found a runed translucent door.
  4783 | D:6      | Noticed Grinder
  4806 | D:6      | Paralysed by Grinder for 5 turns
  4814 | D:6      | Killed Grinder
  4879 | D:6      | Found a runed translucent gate.
  4879 | D:6      | Found a runed translucent gate.
  4892 | D:6      | Found a runed translucent gate.
  4910 | D:7      | Noticed Duvessa
  4910 | D:7      | Noticed Dowan
  5501 | D:6      | Found Vischyel's Distillery.
  5506 | D:6      | Bought a potion of heal wounds for 55 gold pieces
  5506 | D:6      | Bought a potion of curing for 33 gold pieces
  5576 | D:6      | Found a runed translucent door.
  5672 | D:7      | Killed Duvessa
  5785 | D:7      | Reached XP level 9. HP: 48/66 MP: 16/16
  5886 | D:7      | Reached skill level 5 in Spellcasting
  5890 | D:7      | Learned a level 2 spell: Blink
  6008 | D:7      | Reached skill level 5 in Fighting
  6008 | D:7      | Reached skill level 5 in Armour
  6008 | D:7      | Reached skill level 5 in Evocations
  6039 | D:7      | Identified the +2 ring mail of Eternity {rC+ rN++ Will+
                  | Stlth-}
  6136 | D:7      | Reached skill level 8 in Staves
  6148 | D:7      | Learned a level 1 spell: Freeze
  6178 | D:7      | Noticed Jeremiah
  6187 | D:7      | Found Juurepnicve's Assorted Antiques.
  6190 | D:7      | Noticed Maggie
  6195 | D:7      | Bought a potion of heal wounds for 100 gold pieces
  6195 | D:7      | Bought a scroll of teleportation for 60 gold pieces
  6206 | D:7      | Killed Maggie
  6207 | D:7      | Reached skill level 5 in Invocations
  6279 | D:7      | Killed Jeremiah
  6475 | D:7      | Killed Dowan
  6651 | D:8      | Reached XP level 10. HP: 75/75 MP: 18/18
  6738 | D:4      | Killed Crazy Yiuf
  6922 | D:7      | Reached skill level 5 in Short Blades
  6922 | D:7      | Reached skill level 5 in Long Blades
  6922 | D:7      | Reached skill level 5 in Axes
  6922 | D:7      | Reached skill level 5 in Maces & Flails
  6922 | D:7      | Reached skill level 5 in Polearms
  6922 | D:7      | Reached skill level 5 in Ranged Weapons
  6922 | D:7      | Reached skill level 5 in Dodging
  6922 | D:7      | Reached skill level 5 in Stealth
  6922 | D:7      | Reached skill level 5 in Shields
  6922 | D:7      | Reached skill level 5 in Unarmed Combat
  6994 | D:8      | Identified the +2 spear "Yseagg" {heavy, rC- Int+4}
  7062 | D:8      | Found a glowing silver altar of Zin.
  7092 | D:9      | Noticed a two-headed ogre
  7419 | D:8      | Killed a two-headed ogre
  7420 | D:8      | Reached skill level 5 in Necromancy
  7420 | D:8      | Reached skill level 5 in Shapeshifting
  7465 | D:8      | Noticed a two-headed ogre
  7473 | D:8      | Killed a two-headed ogre
  7577 | D:8      | Found a hazy altar of Hepliaklqana.
  7577 | D:8      | Found a stormy altar of Qazlal.
  7585 | D:8      | Found a faded altar of an unknown god.
  7603 | D:8      | Found a glowing golden altar of the Shining One.
  7604 | D:8      | Found a bloodstained altar of Trog.
  7626 | D:8      | Became a worshipper of Hepliaklqana the Forgotten
  7896 | D:9      | Reached XP level 11. HP: 72/83 MP: 20/20
  7938 | D:9      | Found an opulent altar of Gozag.
  7938 | D:9      | Found a sparkling altar of Nemelex Xobeh.
  7963 | D:9      | Reached skill level 9 in Staves
  8139 | D:9      | Reached skill level 5 in Conjurations
  8139 | D:9      | Reached skill level 5 in Hexes
  8139 | D:9      | Reached skill level 5 in Summonings
  8139 | D:9      | Reached skill level 5 in Translocations
  8139 | D:9      | Reached skill level 5 in Transmutations
  8139 | D:9      | Reached skill level 5 in Fire Magic
  8139 | D:9      | Reached skill level 5 in Ice Magic
  8139 | D:9      | Reached skill level 5 in Air Magic
  8139 | D:9      | Reached skill level 5 in Earth Magic
  8139 | D:9      | Reached skill level 5 in Poison Magic
  8227 | D:9      | Reached * piety under Hepliaklqana
  8270 | D:9      | Paralysed by a hornet for 1 turns
  8442 | D:9      | Upgraded the game from 0.31-a0-889-g1a8549509d to
                  | 0.31-a0-920-g28cbb04a8c
  8460 | D:9      | Learned a level 3 spell: Frozen Ramparts
  8487 | D:10     | Entered Level 10 of the Dungeon
  8508 | D:10     | Learned a level 3 spell: Call Canine Familiar
  8512 | D:10     | Learned a level 3 spell: Summon Guardian Golem
  8593 | D:10     | Noticed an oklob plant
  8599 | D:10     | Found a staircase to the Lair.
  8606 | D:10     | Found a burning altar of Makhleb.
  8606 | D:10     | Found a radiant altar of Vehumet.
  8625 | D:10     | Noticed a vault guard
  9145 | D:10     | Found a shadowy altar of Dithmenos.
  9637 | D:10     | Reached ** piety under Hepliaklqana
  9638 | D:10     | Remembered your ancestor Septimus as a knight
  9742 | D:10     | Found an ornate altar of the Wu Jian Council.
  9851 | D:10     | Killed a vault guard
  9918 | D:10     | Found a portal to a secret trove of treasure.
 10107 | D:10     | Killed an oklob plant
 10342 | D:11     | Identified the +8 glaive of the Saviour {freeze, Contam rC+
                  | rN++}
 10735 | D:11     | Reached XP level 12. HP: 73/81 MP: 14/23
 10819 | D:11     | Noticed a two-headed ogre
 10834 | D:11     | Killed a two-headed ogre
 11201 | D:11     | Learned a level 2 spell: Lesser Beckoning
 11545 | D:11     | Reached skill level 10 in Staves
 11681 | D:12     | Noticed a seven-headed hydra
 11689 | D:12     | Noticed a death knight
 11704 | D:12     | Gained mutation: Armour fits poorly on your strangely
                  | shaped body. [mutagenic glow]
 11740 | D:11     | Killed a five-headed hydra
 12040 | D:12     | Noticed a two-headed ogre
 12094 | D:11     | Killed a two-headed ogre
 12175 | D:11     | Killed from afar by an acid dragon

Illustrated notes

Levels and vault maps discovered:
D:1:      tarquinn_simple_flora_water_e, layout_rooms, palyth_stone_intersect,
          hangedman_feature_mirror, grunt_decor_clamped, corexii_corridor_pit,
          dreamdust_mushroom_princess, hangedman_glass_teeth
D:2:      cheibrodos_helix_gallery, layout_loops_ring, basic_altar,
          nicolae_ecumenical_lake_church
D:3:      layout_loops_ring, grunt_temple_overflow_growth_and_decay,
          gammafunk_ghost_smash, serial_bayou_pond_e
D:4:      layout_loops_ring, serial_shops, kennysheep_mini_moat,
          uniq_crazy_yiuf_cottage
D:5:      layout_loops_corners, slow_altar_2, general_overflow_altar,
          minmay_temple_entry_mist, nicolae_goblin_pals, uniq_blork_the_orc
D:6:      layout_gridville, serial_shops, shop,
          minmay_guarded_unrand_staff_of_olgreb, uniq_grinder
D:7:      layout_gridville, serial_shops, nicolae_shop_dealshenge,
          uniq_jeremiah, uniq_maggie, uniq_duvessa
D:8:      layout_cave_pools, chequers_temple_overflow_minitemple,
          zin_scriptorium, serial_undead, serial_undead_a, serial_undead_b,
          serial_undead_f, serial_undead_c
D:9:      layout_big_octagon, grunt_temple_overflow_opulence, enter_bailey_5
D:10:     wad_woods_minihive, layout_small_grid,
          grunt_temple_overflow_lords_of_destruction,
          nicolae_wu_jian_immortal_techniques,
          mainiacjoe_overflow_surrounded_room, dpeg_oklobed_lair, enter_trove_5,
          chequers_serial_rivers_large_a, evilmike_butchery
D:11:     layout_small_grid
D:12:     minmay_tile_spiral, layout_rooms, erik_orc_1,
          minmay_fractal_squares_diagonal_5
Temple:   hellmonk_temple_two_chambers

Skill      XL: |  1  2  3  4  5  6  7  8  9 10 11 12 |
---------------+-------------------------------------+-----
Necromancy     | 2 3 4 5 6 |  6.8
Invocations    | 1 2 3 4 5 6 7 8 |  8.5
Short Blades   | 1 2 3 4 5 6 7 |  7.7
Long Blades    | 1 2 3 4 5 6 7 |  7.7
Axes           | 1 2 3 4 5 6 7 |  7.7
Maces & Flails | 1 2 3 4 5 6 7 |  7.7
Polearms       | 1 2 3 4 5 6 7 |  7.7
Ranged Weapons | 1 2 3 4 5 6 7 |  7.7
Dodging        | 1 2 3 4 5 6 7 |  7.7
Stealth        | 1 2 3 4 5 6 7 |  7.7
Shields        | 1 2 3 4 5 6 7 |  7.7
Unarmed Combat | 1 2 3 4 5 6 7 |  7.7
Shapeshifting  | 1 2 3 4 5 6 7 |  7.1
Spellcasting   | 3 4 5 6 7 8 |  8.3
Conjurations   | 1 2 3 4 5 6 |  6.4
Hexes          | 1 2 3 4 5 6 |  6.4
Summonings     | 1 2 3 4 5 6 |  6.4
Translocations | 1 2 3 4 5 6 |  6.4
Transmutations | 1 2 3 4 5 6 |  6.4
Fire Magic     | 1 2 3 4 5 6 |  6.4
Ice Magic      | 1 2 3 4 5 6 |  6.4
Air Magic      | 1 2 3 4 5 6 |  6.4
Earth Magic    | 1 2 3 4 5 6 |  6.4
Poison Magic   | 1 2 3 4 5 6 |  6.4
Fighting       | 3 4 5 6 7 8 |  8.2
Armour         | 3 4 5 6 7 8 |  8.2
Evocations     | 3 4 5 6 7 8 |  8.2
Throwing       | 5 6 7 8 9 |  9.1
Staves         | 7 8 9 10 | 10.2

Action                     |  1- 3 |  4- 6 |  7- 9 | 10-12 || total
---------------------------+-------+-------+-------+-------++-------
  Melee: Quarterstaff      |    79 |   114 |   226 |       ||   419
         Bite              |     6 |     8 |    39 |    33 ||    86
         Battleaxe         |       |       |    91 |   395 ||   486
         Halberd           |       |       |     5 |       ||     5
         Glaive            |       |       |       |    86 ||    86
         Scimitar          |       |       |       |     8 ||     8
         Punch             |       |       |       |     1 ||     1
   Fire: Orcbow            |       |     2 |       |       ||     2
  Throw: Boomerang         |    10 |       |       |     8 ||    18
         Dart              |       |     5 |    14 |     7 ||    26
   Cast: Blink             |       |       |       |     5 ||     5
         Freeze            |       |       |       |     1 ||     1
         Call Canine Famil |       |       |       |    17 ||    17
         Summon Guardian G |       |       |       |    17 ||    17
         Frozen Ramparts   |       |       |       |    19 ||    19
         Lesser Beckoning  |       |       |       |     8 ||     8
 Invoke: Recall Ancestor   |       |       |       |    13 ||    13
         Ancestor Life: Kn |       |       |       |     1 ||     1
  Evoke: Wand              |       |       |       |     4 ||     4
    Use: Scroll            |       |       |    13 |     4 ||    17
         Potion            |       |       |     2 |     7 ||     9
   Stab: Sleeping          |       |       |     2 |     3 ||     5
         Distracted        |       |       |       |     3 ||     3
 Armour: Leather armour    |    17 |     3 |       |       ||    20
         Chain mail        |       |    32 |       |       ||    32
         Ring mail         |       |    18 |   188 |   860 ||  1066
  Dodge: Dodged            |    51 |    61 |   252 |   906 ||  1270

Table legend: (Time is in decaauts)
 A = Elapsed time spent in this place.
 B = Non-inter-level travel time spent in this place.
 C = Inter-level travel time spent in this place.
 D = Time resting spent in this place.
 E = Time spent auto-exploring this place.
 F = Levels seen in this place.
 G = Mean time per level.
                   A        B        C        D        E       F      G
               +--------+--------+--------+--------+--------+-----+--------+
         Total |  12481 |  12085 |    396 |   1116 |   5291 |  13 |  960.1 |
       Dungeon |  12429 |  12033 |    396 |   1116 |   5291 |  12 | 1035.8 |
        Temple |     51 |     51 |      0 |      0 |      0 |   1 |   51.0 |
               +--------+--------+--------+--------+--------+-----+--------+

Top non-repeatable levels by time:
    D:10: 1624 daAuts
    D:11: 1617 daAuts
     D:5: 1237 daAuts
     D:6: 1218 daAuts
     D:7: 1207 daAuts
     D:2: 970 daAuts
     D:8: 933 daAuts
     D:9: 917 daAuts
     D:3: 861 daAuts
     D:4: 819 daAuts
     D:1: 669 daAuts
    D:12: 352 daAuts
  Temple: 51 daAuts
